ITL
LOUISVILLE BATS @ TUSCALOOSA TROUT SLAYERS
08/12/2030
 
TOP OF THE 1ST
Louisville Bats batting - Pitching for Tuscaloosa Trout Slayers : LHP Gerardo González
Pitching: LHP Gerardo González
Batting: RHB Danny Campbell 0-0: Ball
1-0: Fly out, F8 (Flyball, 8RD)
Batting: SHB Dave Henley 0-0: Ball
1-0: Called Strike
1-1: Swinging Strike
1-2: Strikes out swinging
Batting: SHB Martín Medina 0-0: Ground out 1-3 (Groundball, 15S)
Top of the 1st over - 0 runs, 0 hits, 0 errors, 0 left on base; Louisville 0 - Tuscaloosa 0
BOTTOM OF THE 1ST
Tuscaloosa Trout Slayers batting - Pitching for Louisville Bats : RHP Clint John
Pitching: RHP Clint John
Batting: LHB Manuel Ortega 0-0: Ball
1-0: SINGLE (Line Drive, 89S)
Batting: LHB Ed Murray 0-0: Ball
Wild Pitch!
Manuel Ortega to second
1-0: Foul Ball, location: 2F
1-1: Ball
2-1: Ball
3-1: Foul Ball, location: 2F
3-2: Strikes out swinging
Batting: LHB Eddy Jefferson 0-0: Called Strike
0-1: Called Strike
0-2: Ball
1-2: Ball
2-2: Strikes out swinging
Batting: LHB Marcos Villarreal 0-0: Called Strike
0-1: Fly out, F8 (Flyball, 89M)
Bottom of the 1st over - 0 runs, 1 hit, 0 errors, 1 left on base; Louisville 0 - Tuscaloosa 0
TOP OF THE 2ND
Louisville Bats batting - Pitching for Tuscaloosa Trout Slayers : LHP Gerardo González
Batting: RHB Zhong Shui 0-0: Ball
1-0: Ball
2-0: DOUBLE (Flyball, 78XD)
Batting: RHB Juan García 0-0: Ball
1-0: Swinging Strike
1-1: Ball
2-1: Swinging Strike
2-2: Foul Ball, location: 2F
2-2: SINGLE (Line Drive, 34)
Zhong Shui to third
Batting: RHB Roberto Zamora 0-0: Ball
1-0: Foul Ball, location: 2F
1-1: DOUBLE (Flyball, 8RD)
Zhong Shui scores
Juan García to third
Batting: RHB Júlio Sánchez 0-0: Called Strike
0-1: Called Strike
0-2: Ball
1-2: Strikes out looking
Batting: SHB Ryan Roberts 0-0: Ball
1-0: Foul Ball, location: 2F
1-1: Called Strike
1-2: Strikes out swinging
Batting: LHB John Horton 0-0: Foul Ball, location: 2F
0-1: Foul Ball, location: 2F
0-2: Foul Ball, location: 2F
0-2: Ground out 1-3 (Groundball, 13)
Top of the 2nd over - 1 run, 3 hits, 0 errors, 2 left on base; Louisville 1 - Tuscaloosa 0
BOTTOM OF THE 2ND
Tuscaloosa Trout Slayers batting - Pitching for Louisville Bats : RHP Clint John
Batting: LHB Ethan Shaw 0-0: SINGLE (Groundball, 4) (infield hit)
Batting: RHB José Pinto 0-0: Called Strike
0-1: Called Strike
0-2: Ball
1-2: Strikes out looking
Batting: RHB Augusto Baca 0-0: Ball
1-0: Foul Ball, location: 2F
1-1: SINGLE (Groundball, 6D)
Ethan Shaw to second
Batting: SHB António Ramírez 0-0: Ball
1-0: Foul Ball, location: 2F
1-1: Fly out, F7 (Flyball, 7S)
Batting: RHB Greg Lee 0-0: Foul Ball, location: 2F
0-1: Called Strike
0-2: Strikes out looking
Bottom of the 2nd over - 0 runs, 2 hits, 0 errors, 2 left on base; Louisville 1 - Tuscaloosa 0
TOP OF THE 3RD
Louisville Bats batting - Pitching for Tuscaloosa Trout Slayers : LHP Gerardo González
Batting: RHB Danny Campbell 0-0: Ball
1-0: Ball
2-0: Called Strike
2-1: Ground out 6-3 (Groundball, 6)
Batting: SHB Dave Henley 0-0: Called Strike
0-1: Ball
1-1: SINGLE (Line Drive, 34D)
Batting: SHB Martín Medina 0-0: Foul Ball, location: 2F
0-1: Ball
1-1: Ball
2-1: Foul Ball, location: 2F
2-2: Foul Ball, location: 2F
2-2: Ball
3-2: Base on Balls
Dave Henley to second
Batting: RHB Zhong Shui 0-0: Swinging Strike
0-1: SINGLE (Groundball, 56D)
Dave Henley to third
Martín Medina to second
Runner from 3rd tries for Home, SAFE, no throw
Batting: RHB Juan García 0-0: Called Strike
0-1: Ball
1-1: Ball
2-1: Ball
3-1: Base on Balls
Martín Medina to third
Zhong Shui to second
Batting: RHB Roberto Zamora 0-0: Ball
1-0: Called Strike
1-1: Ball
2-1: Ball
3-1: Grounds into double play, 5-4-3 (Groundball, 56)
Top of the 3rd over - 1 run, 2 hits, 0 errors, 2 left on base; Louisville 2 - Tuscaloosa 0
BOTTOM OF THE 3RD
Tuscaloosa Trout Slayers batting - Pitching for Louisville Bats : RHP Clint John
Batting: LHB Manuel Ortega 0-0: Called Strike
0-1: Ball
1-1: SINGLE (Groundball, 56D)
Batting: LHB Ed Murray 0-0: Ball
1-0: Ball
2-0: Ball
Wild Pitch!
Manuel Ortega to second
3-0: Base on Balls
Batting: LHB Eddy Jefferson 0-0: Fly out, F9 (Flyball, 9S)
Batting: LHB Marcos Villarreal 0-0: Called Strike
0-1: Ball
1-1: Called Strike
Manuel Ortega steals 3rd base
1-2: Ball
2-2: SINGLE (Groundball, 34D) (infield hit)
Manuel Ortega scores
Ed Murray to second
Batting: LHB Ethan Shaw 0-0: Fly out, F8 (Flyball, 8RM)
Batting: RHB José Pinto 0-0: Foul Ball, location: 2F
0-1: Ball
1-1: Called Strike
1-2: SINGLE (Line Drive, 6D)
Ed Murray to third
Marcos Villarreal to second
Runner from 3rd tries for Home, SAFE, no throw
Batting: RHB Augusto Baca 0-0: Called Strike
0-1: Ball
1-1: Swinging Strike
1-2: Ball
2-2: Strikes out swinging, 2-3 out at first.
Bottom of the 3rd over - 2 runs, 3 hits, 0 errors, 2 left on base; Louisville 2 - Tuscaloosa 2
TOP OF THE 4TH
Louisville Bats batting - Pitching for Tuscaloosa Trout Slayers : LHP Gerardo González
Batting: RHB Júlio Sánchez 0-0: Ball
1-0: Ball
2-0: Foul Ball, location: 2F
2-1: Foul Ball, location: 2F
2-2: Ground out U3 (Groundball, 34D)
Batting: SHB Ryan Roberts 0-0: Called Strike
0-1: Foul Ball, location: 2F
0-2: Ball
1-2: Ball
2-2: Foul Ball, location: 2F
2-2: Ground out 6-3 (Groundball, 6)
Batting: LHB John Horton 0-0: Ball
1-0: Foul Ball, location: 2F
1-1: SOLO HOME RUN (Flyball, 7LD), Distance : 340 ft
Batting: RHB Danny Campbell 0-0: Ball
1-0: Foul Ball, location: 2F
1-1: Fly out, F8 (Flyball, 8LD)
Top of the 4th over - 1 run, 1 hit, 0 errors, 0 left on base; Louisville 3 - Tuscaloosa 2
BOTTOM OF THE 4TH
Tuscaloosa Trout Slayers batting - Pitching for Louisville Bats : RHP Clint John
Batting: SHB António Ramírez 0-0: Ball
1-0: Ball
2-0: Called Strike
2-1: Ground out 4-3 (Groundball, 4)
Batting: RHB Greg Lee 0-0: Swinging Strike
0-1: Ball
1-1: Ball
2-1: Ground out U3 (Groundball, 34)
Batting: LHB Manuel Ortega 0-0: Called Strike
0-1: Foul Ball, location: 2F
0-2: Ball
1-2: Ball
2-2: DOUBLE (Flyball, 78XD)
Batting: LHB Ed Murray 0-0: Ball
1-0: Foul Ball, location: 2F
1-1: SINGLE (Groundball, 4MD)
Manuel Ortega to third
Runner from 3rd tries for Home, SAFE, no throw
Batting: LHB Eddy Jefferson 0-0: Called Strike
0-1: Swinging Strike
0-2: Foul Ball, location: 2F
0-2: Foul Ball, location: 2F
0-2: SINGLE (Line Drive, 6)
Ed Murray to second
Batting: LHB Marcos Villarreal 0-0: Called Strike
0-1: Ground out 4-3 (Groundball, 4)
Bottom of the 4th over - 1 run, 3 hits, 0 errors, 2 left on base; Louisville 3 - Tuscaloosa 3
TOP OF THE 5TH
Louisville Bats batting - Pitching for Tuscaloosa Trout Slayers : LHP Gerardo González
Batting: SHB Dave Henley 0-0: Ball
1-0: Swinging Strike
1-1: Foul Ball, location: 2F
1-2: SINGLE (Flyball, 78S)
Batting: SHB Martín Medina 0-0: Swinging Strike
0-1: Swinging Strike
0-2: Strikes out swinging
Batting: RHB Zhong Shui 0-0: Swinging Strike
0-1: Swinging Strike
0-2: Ball
1-2: Strikes out swinging
Batting: RHB Juan García 0-0: 2-RUN HOME RUN (Flyball, 7LD), Distance : 333 ft
Batting: RHB Roberto Zamora 0-0: Ball
1-0: Ball
2-0: Called Strike
2-1: Foul Ball, location: 2F
2-2: Ball
3-2: SINGLE (Flyball, 89S)
Pitching: LHP Kelly Henry
Batting: RHB Júlio Sánchez 0-0: Ball
1-0: DOUBLE (Flyball, 8LXD)
Roberto Zamora to third
Runner from 3rd tries for Home, SAFE, no throw
Batting: SHB Ryan Roberts 0-0: Called Strike
0-1: DOUBLE (Line Drive, 8LXD)
Júlio Sánchez scores
Batting: LHB John Horton 0-0: Ball
1-0: Ball
2-0: Ground out 1-3 (Groundball, 13)
Top of the 5th over - 4 runs, 5 hits, 0 errors, 1 left on base; Louisville 7 - Tuscaloosa 3
BOTTOM OF THE 5TH
Tuscaloosa Trout Slayers batting - Pitching for Louisville Bats : RHP Clint John
Batting: LHB Ethan Shaw 0-0: Foul Ball, location: 2F
0-1: Called Strike
0-2: Strikes out swinging
Batting: RHB José Pinto 0-0: Fly out, F9 (Line Drive, 9LS)
Batting: RHB Augusto Baca 0-0: Ball
1-0: Fly out, F4 (Popup, 4D)
Bottom of the 5th over - 0 runs, 0 hits, 0 errors, 0 left on base; Louisville 7 - Tuscaloosa 3
TOP OF THE 6TH
Louisville Bats batting - Pitching for Tuscaloosa Trout Slayers : LHP Kelly Henry
Batting: RHB Danny Campbell 0-0: Called Strike
0-1: Swinging Strike
0-2: SINGLE (Line Drive, 56D)
Batting: SHB Dave Henley 0-0: Foul Ball, location: 2F
0-1: Ball
1-1: Swinging Strike
1-2: Ball
2-2: Strikes out swinging
Pitching: RHP Víctor Viña
Batting: SHB Martín Medina 0-0: Ball
Danny Campbell is caught stealing 2nd base
1-0: Ground out 6-3 (Groundball, 6S)
Top of the 6th over - 0 runs, 1 hit, 0 errors, 0 left on base; Louisville 7 - Tuscaloosa 3
BOTTOM OF THE 6TH
Tuscaloosa Trout Slayers batting - Pitching for Louisville Bats : RHP Clint John
Batting: SHB António Ramírez 0-0: Foul Ball, location: 2F
0-1: Foul Ball, location: 2F
0-2: Ball
1-2: Ball
2-2: Fly out, F1 (Line Drive, 13S)
Batting: RHB Greg Lee 0-0: Foul Ball, location: 2F
0-1: Called Strike
0-2: SINGLE (Groundball, 56D)
Batting: LHB Manuel Ortega 0-0: Called Strike
0-1: Ball
1-1: DOUBLE (Flyball, 78D)
Greg Lee to third
Runner from 3rd tries for Home, SAFE, no throw
Pitching: RHP Jesús Sánchez
Batting: LHB Ed Murray 0-0: Foul Ball, location: 2F
0-1: Ball
1-1: Ball
2-1: Foul Ball, location: 2F
2-2: Fly out, F9 (Flyball, 9LMF)
Batting: LHB Eddy Jefferson 0-0: Ball
1-0: Fly out, F4 (Popup, 4M)
Bottom of the 6th over - 1 run, 2 hits, 0 errors, 1 left on base; Louisville 7 - Tuscaloosa 4
TOP OF THE 7TH
Louisville Bats batting - Pitching for Tuscaloosa Trout Slayers : RHP Víctor Viña
Batting: RHB Zhong Shui 0-0: Called Strike
0-1: Ball
1-1: Called Strike
1-2: Ball
2-2: Strikes out swinging
Batting: RHB Juan García 0-0: Ball
1-0: Called Strike
1-1: Foul Ball, location: 2F
1-2: Ground out 4-3 (Groundball, 4MD)
Batting: RHB Roberto Zamora 0-0: Swinging Strike
0-1: Ball
1-1: Foul Ball, location: 2F
1-2: Strikes out swinging
Top of the 7th over - 0 runs, 0 hits, 0 errors, 0 left on base; Louisville 7 - Tuscaloosa 4
BOTTOM OF THE 7TH
Tuscaloosa Trout Slayers batting - Pitching for Louisville Bats : RHP Jesús Sánchez
Batting: LHB Marcos Villarreal 0-0: Called Strike
0-1: Called Strike
0-2: Ball
1-2: Ball
2-2: Foul Ball, location: 2F
2-2: Foul Ball, location: 2F
2-2: Foul Ball, location: 2F
2-2: SOLO HOME RUN (Flyball, 9LD), Distance : 359 ft
Pitching: LHP Juan Espinosa
Batting: LHB Ethan Shaw 0-0: Called Strike
0-1: Called Strike
0-2: SOLO HOME RUN (Flyball, 7LD), Distance : 345 ft
Pitching: LHP Carlos Menéndez
Batting: RHB José Pinto 0-0: Swinging Strike
0-1: Called Strike
0-2: Strikes out looking
Batting: RHB Augusto Baca 0-0: Foul Ball, location: 2F
0-1: Swinging Strike
0-2: Strikes out swinging
Batting: SHB António Ramírez 0-0: Called Strike
0-1: Ball
1-1: Called Strike
1-2: Foul Ball, location: 2F
1-2: Ball
2-2: DOUBLE (Line Drive, 8LXD)
Batting: RHB Greg Lee 0-0: Called Strike
0-1: Fly out, F4 (Line Drive, 4)
Bottom of the 7th over - 2 runs, 3 hits, 0 errors, 1 left on base; Louisville 7 - Tuscaloosa 6
TOP OF THE 8TH
Louisville Bats batting - Pitching for Tuscaloosa Trout Slayers : RHP Víctor Viña
Batting: RHB Júlio Sánchez 0-0: Called Strike
0-1: Ball
1-1: Ball
2-1: Foul Ball, location: 2F
2-2: Foul Ball, location: 2F
2-2: SINGLE (Line Drive, 8RS)
Batting: SHB Ryan Roberts 0-0: Ball
1-0: Called Strike
1-1: Foul Ball, location: 2F
1-2: Foul Ball, location: 2F
1-2: Strikes out swinging
Batting: LHB John Horton 0-0: Ball
1-0: Called Strike
1-1: Ball
2-1: Called Strike
2-2: Strikes out looking
Pinch Hitting: LHB George Smith 0-0: Called Strike
0-1: Swinging Strike
0-2: Foul Ball, location: 2F
0-2: Ball
1-2: Ground out 4-3 (Groundball, 34D)
Top of the 8th over - 0 runs, 1 hit, 0 errors, 1 left on base; Louisville 7 - Tuscaloosa 6
BOTTOM OF THE 8TH
Tuscaloosa Trout Slayers batting - Pitching for Louisville Bats : LHP Carlos Menéndez
Now in LF: Jesús Núñez
Now in RF: Héctor Rentería
Batting: LHB Manuel Ortega 0-0: Called Strike
0-1: Foul Ball, location: 2F
0-2: Foul Ball, location: 2F
0-2: Ground out 4-3 (Groundball, 4)
Batting: LHB Ed Murray 0-0: Called Strike
0-1: Ball
1-1: SINGLE (Groundball, 6MD)
Pinch Hitting: RHB Kyle O'Day 0-0: Ball
1-0: Ball
Balk!
Ed Murray to second
2-0: Foul Ball, location: 2F
2-1: Swinging Strike
2-2: Foul Ball, location: 2F
2-2: Foul Ball, location: 2F
2-2: Strikes out swinging
Pinch Hitting: RHB José Fernández 0-0: Ball
Wild Pitch!
Ed Murray to third
1-0: Foul Ball, location: 2F
1-1: Ball
2-1: Ball
3-1: Base on Balls
Batting: LHB Ethan Shaw 0-0: Ball
1-0: Ball
2-0: Fly out, F7 (Flyball, 7LM)
Bottom of the 8th over - 0 runs, 1 hit, 0 errors, 2 left on base; Louisville 7 - Tuscaloosa 6
TOP OF THE 9TH
Louisville Bats batting - Pitching for Tuscaloosa Trout Slayers : RHP Víctor Viña
Pitching: RHP Will Tyler
Now at 1B: José Fernández
Now in LF: Kyle O'Day
Batting: SHB Dave Henley 0-0: SINGLE (Groundball, 3D)
Batting: SHB Martín Medina 0-0: Called Strike
0-1: Ball
1-1: Ball
2-1: Ball
3-1: SINGLE (Groundball, 6D)
Dave Henley to second
Batting: RHB Zhong Shui 0-0: Called Strike
0-1: Swinging Strike
0-2: Ball
1-2: Strikes out swinging
Pinch Hitting: LHB Richard Olvera 0-0: Ball
1-0: Called Strike
1-1: SINGLE (Line Drive, 5D)
Dave Henley to third
Martín Medina to second
Runner from 3rd tries for Home, throw and OUT!
Batting: RHB Roberto Zamora 0-0: Ball
1-0: Ball
2-0: Fly out, F7 (Flyball, 7D)
Top of the 9th over - 0 runs, 3 hits, 0 errors, 2 left on base; Louisville 7 - Tuscaloosa 6
BOTTOM OF THE 9TH
Tuscaloosa Trout Slayers batting - Pitching for Louisville Bats : LHP Carlos Menéndez
Now at 3B: Don Soper
Now in RF: Richard Olvera
Batting: RHB José Pinto 0-0: Called Strike
0-1: Foul Ball, location: 2F
0-2: Foul Ball, location: 2F
0-2: Foul Ball, location: 2F
0-2: Ball
1-2: Ball
2-2: Ground out 4-3 (Groundball, 34)
Batting: RHB Augusto Baca 0-0: Ground out 1-3 (Groundball, 13)
Batting: SHB António Ramírez 0-0: Foul Ball, location: 2F
0-1: Foul Ball, location: 2F
0-2: Ball
1-2: Foul Ball, location: 2F
1-2: Ball
2-2: Ball
3-2: Strikes out swinging
Bottom of the 9th over - 0 runs, 0 hits, 0 errors, 0 left on base; Louisville 7 - Tuscaloosa 6
Saturday, April 7th, 2018 - OOTP Baseball 18.8 Build 76